AoeStats
← -(-0-0-)-+(,_o)+$(*^_^*)$

African Clearing

510520794Analyzed
2v2 RM · 19h ago on Oct 1, 2026· 36m 9s· 4 players
Game mode
Random Map
Map size
Medium (4 player)
Population
200
Speed
Normal
Resources
Standard
Victory
Conquest
Starting age
Dark Age
Ending age
Imperial Age
RankedLock teamsTeams togetherTeam positionsShared explorationLock speedFull tech treeHidden civsTurbo modeCheats
Victory
Defeat
🇹🇼 Koreans · Taiwan
979
+15
🇹🇼 Franks · Taiwan
958
+46
🇨🇳 Romans · China
1025
-19
881
-12
hejonathan111
6:18 Loom
14:13 Feudal Age
16:37 Town Watch
20:00 Castle Age
18:47 Fletching
22:38 Wheelbarrow
23:24 Bodkin Arrow
25:50 Double-Bit Axe
28:20 Fishing Lines
33:47 Ballistics
33:08 Treadmill Crane
34:51 Gillnets
39:18 Imperial Age
william199812
3:39 Loom
14:30 Feudal Age
15:46 Wheelbarrow
14:56 Town Watch
15:01 Double-Bit Axe
16:17 Fletching
24:13 Castle Age
22:37 Man-at-Arms
23:03 Arson
25:25 Hand Cart
25:58 Forging
27:08 Bodkin Arrow
28:12 Husbandry
30:13 Caravan
35:25 Imperial Age
35:41 Scale Barding Armor
36:55 Conscription
xuwg2001
4:37 Loom
16:47 Feudal Age
20:47 Castle Age
20:06 Double-Bit Axe
23:34 Bow Saw
23:31 Horse Collar
25:08 Wheelbarrow
27:33 Heavy Plow
28:59 Town Watch
29:57 Stone Mining
30:00 Gold Mining
34:14 Gold Shaft Mining
-(-0-0-)-+(,_o)+$(*^_^*)$
4:24 Loom
23:03 Feudal Age
29:09 Town Watch
32:05 Castle Age
Connection lost

Rejoining the realm…

Still unreachable

The connection could not be restored.

Session expired

The server has moved on; the page needs a fresh start.